 Dungeon Crawl Stone Soup version 0.19.0-20-gbc5f0c6 (webtiles) character file.

222 smedtjen the Firebug (level 5, -3/35 HPs)
             Began as a Demonspawn Fire Elementalist on Nov 17, 2016.
             Slain by an ogre
             ... wielding a +0 giant spiked club
              (19 damage)
             ... on level 4 of the Dungeon.
             The game lasted 00:31:11 (5990 turns).

smedtjen the Firebug (Demonspawn Fire Elementalist) Turns: 5990, Time: 00:31:12

Health: -3/35      AC:  4    Str:  9    XL:     5   Next: 66%
Magic:  3/10       EV: 12    Int: 17    God:
Gold:   193        SH:  4    Dex: 13    Spells: 3 memorised, 5 levels left

rFire  + + .     SeeInvis .     o - +3 dagger (chaos)
rCold  . . .     Gourm    .     t - +0 leather armour
rNeg   . . .     Faith    .     (no shield)
rPois  .         Spirit   .     w - +0 helmet
rElec  .         Reflect  +     (no cloak)
rCorr  .         Harm     .     (no gloves)
MR     .....                    (no boots)
Stlth  +.........               f - +4 amulet of reflection
                                u - ring of protection from fire
                                i - ring of loudness (curse)

@: very slightly contaminated
A: claws 1, fire resistance 1
a: no special abilities


You were on level 4 of the Dungeon.
You were very hungry.

You visited 1 branch of the dungeon, and saw 4 of its levels.

You collected 193 gold pieces.

Inventory:

Hand Weapons
 d - a +1 spear of piercing
 m - a +0 club of chaos
 o - a +3 dagger of chaos (weapon)
 p - a +0 spear of chaos
 q - a cursed -3 hunting sling
Missiles
 j - 137 stones (quivered)
Armour
 a - a +0 robe
 r - a +0 robe
 s - a +0 shield
 t - a +0 leather armour (worn)
 w - a +0 helmet (worn)
Jewellery
 f - a +4 amulet of reflection (around neck)
 i - a cursed ring of loudness (left claw)
 u - a ring of protection from fire (right claw)
Scrolls
 n - a scroll of magic mapping
Potions
 e - a potion of agility {unknown}
 g - a potion of ambrosia
 h - a potion of beneficial mutation {unknown}
 l - 4 potions of brilliance {unknown}
 v - a potion of haste
Books
 b - a book of Flames

   Spells                             Type                      Level
   a - Flame Tongue                   Conjuration/Fire             1
   b - Throw Flame                    Conjuration/Fire             2
   c - Conjure Flame                  Conjuration/Fire             3
   d - Inner Flame                    Hexes/Fire                   3
   e - Sticky Flame                   Conjuration/Fire             4
   f - Fireball                       Conjuration/Fire             5


   Skills:
 + Level 0.6 Polearms
 + Level 0.6 Armour
 + Level 2.0 Dodging
 + Level 2.3 Stealth
 + Level 0.1 Shields
 + Level 3.5 Spellcasting
 + Level 2.2 Conjurations
 + Level 3.9 Fire Magic


You had 5 spell levels left.
You knew the following spells:

 Your Spells              Type           Power        Failure   Level  Hunger
a - Flame Tongue          Conj/Fire      ##...        10%         1    None
b - Throw Flame           Conj/Fire      ##....       12%         2    ##.....
c - Conjure Flame         Conj/Fire      ##......     24%         3    ###....


Dungeon Overview and Level Annotations

Branches:
Dungeon (4/15)
 Temple: D:4-7

Altars:
Ashenzari
Xom

Annotations:
D:4 Natasha


Innate Abilities, Weirdness & Mutations

You have sharp fingernails.
Your flesh is heat resistant. (rF+)


Message History

The ogre hits you with a giant spiked club!!
Ouch! That really hurt!
* * * LOW HITPOINT WARNING * * *
Casting: Flame Tongue
Confirm with . or Enter, or press ? or * to list all spells.
Aiming: Flame Tongue
Press: ? - help, Shift-Dir - straight line, f/p - ogre
Aim: an ogre, wielding a giant spiked club (severely wounded)
The flame tongue hits the ogre.
The ogre is almost dead.
Casting: Flame Tongue
Confirm with . or Enter, or press ? or * to list all spells.
Aiming: Flame Tongue
Press: ? - help, Shift-Dir - straight line, f/p - ogre
Aim: an ogre, wielding a giant spiked club (almost dead)
Okay, then.
You feel better.
The ogre hits you with a giant spiked club!!
Ouch! That really hurt!
You die...

##.... #..... .
##########.<... ..
#......##...... ...
#......##.#.[.. ....
#......##.#.... .....
#......##.##.##
......####.<....... #..#
.......@.........####..#
......O†.#.......##....#
.?....?..#.............#
........##......#.......
........##......#.#.....
......#...####..........
..(..####. ....###.##
.#### .. ...## #.# .#
#.#


You could see an ogre.

Vanquished Creatures
  An ogre (D:4)
  A worker ant (D:4)
  6 adders
  An ooze (D:3)
  4 leopard geckos
  3 orcs
  2 giant cockroaches
  8 goblins
  4 hobgoblins
  5 kobolds
  A quokka (D:3)
  6 bats
  5 frilled lizards
  6 rats
53 creatures vanquished.

Notes
Turn   | Place    | Note
-------+----------+-------------------------------------------
     0 | D:1      | smedtjen the Demonspawn Fire Elementalist began the quest for the Orb.
     0 | D:1      | Reached XP level 1. HP: 13/13 MP: 3/3
   685 | D:1      | Gained mutation: You have sharp fingernails. [demonic ancestry]
   685 | D:1      | Reached XP level 2. HP: 19/19 MP: 3/5
  2109 | D:2      | Learned a level 2 spell: Throw Flame
  2560 | D:2      | Reached XP level 3. HP: 23/24 MP: 2/6
  2781 | D:2      | Found a shimmering altar of Xom.
  3781 | D:2      | Gained mutation: Your flesh is heat resistant. (rF+) [demonic ancestry]
  3781 | D:2      | Reached XP level 4. HP: 26/30 MP: 0/8
  4143 | D:2      | Found a shattered altar of Ashenzari.
  4956 | D:3      | Learned a level 3 spell: Conjure Flame
  5291 | D:3      | Found a shattered altar of Ashenzari.
  5683 | D:4      | Noticed an ogre
  5690 | D:4      | Noticed Natasha
  5690 | D:4      | Killed an ogre
  5690 | D:4      | Reached XP level 5. HP: 35/35 MP: 1/10
  5981 | D:4      | Noticed an ogre
  5990 | D:4      | Slain by an ogre

Skill      XL: |  1  2  3  4 |
---------------+-------------+-----
Fire Magic     | 3 |  3.9
Stealth        | 2 |  2.3
Spellcasting   | 3 |  3.5
Dodging        | 2 |  2.0
Conjurations   | 2 |  2.2
Polearms       | |  0.6
Armour         | |  0.6
Shields        | |  0.1

Action                   |  1- 3 |  4- 6 || total
-------------------------+-------+-------++-------
Melee: Spear             |    28 |     3 ||    31
       Dagger            |       |     3 ||     3
 Cast: Flame Tongue      |    49 |    29 ||    78
       Throw Flame       |     5 |    15 ||    20
  Use: Scroll            |     3 |     3 ||     6
       Potion            |     4 |     3 ||     7
  Eat: Chunk             |     2 |     4 ||     6
       Bread ration      |     2 |       ||     2
       Pizza             |       |     1 ||     1
Armor: Robe              |     8 |     4 ||    12
       Leather armour    |       |     1 ||     1
Dodge: Dodged            |    33 |    12 ||    45
Block: Other             |     8 |     4 ||    12
       Reflection        |       |     1 ||     1
